 Dungeon Crawl Stone Soup version 0.27.1-3-gb3d3a73c9e (webtiles) character file.

Game seed: 11520973242666516622

366 Urokeeper the Sneak (level 7, -2/52 HPs)
             Began as a Human Brigand on Oct 5, 2021.
             Slain by a scorpion (4 damage)
             ... on level 5 of the Dungeon.
             The game lasted 00:09:13 (3936 turns).

Urokeeper the Sneak (Human Brigand)                 Turns: 3936, Time: 00:09:14

Health: -2/52      AC:  7    Str: 12    XL:     7   Next: 1%
Magic:  7/7        EV: 13    Int: 11    God:
Gold:   165        SH:  0    Dex: 16    Spells: 6/6 levels left

rFire    . . .     SeeInvis .   j - +1 short sword (vamp)
rCold    . . .     Faith    .   (no shield)
rNeg     . . .     Spirit   .   b - +0 robe
rPois    .         Reflect  .   (no helmet)
rElec    .         Harm     .   c - +0 cloak
rCorr    .         Rampage  .   (no gloves)
Will     .....                  (no boots)
Stlth    +++.......             (no amulet)
HPRegen  0.17/turn              n - ring of flight
MPRegen  0.10/turn              p - +4 ring of protection

@: lethally poisoned (-2 -> -4), flying
A: no striking features
a: no special abilities


You were on level 5 of the Dungeon.
You visited 1 branch of the dungeon, and saw 5 of its levels.

You collected 165 gold pieces.

Inventory:

Hand Weapons
 a - a +2 dagger
 j - a +1 vampiric short sword (weapon)
 t - a +1 dagger of electrocution
Missiles
 d - 8 poisoned darts (quivered)
 e - 2 curare-tipped darts
 r - a throwing net
Armour
 b - a +0 robe (worn)
 c - a +0 cloak (worn)
Jewellery
 n - a ring of flight (left hand)
 p - a +4 ring of protection (right hand)
Scrolls
 f - a scroll of enchant armour
 i - a scroll of teleportation {unknown}
 k - a scroll of fear {unknown}
 l - 2 scrolls of amnesia
 m - a scroll of acquirement {unknown}
 o - a scroll of fog {unknown}
 s - a scroll of magic mapping {unknown}
 u - a scroll of noise {unknown}
 v - a scroll of blinking {unknown}
Potions
 g - a potion of brilliance {unknown}
 h - 2 potions of might
 q - 4 potions of curing {unknown}
 w - a potion of attraction {unknown}


   Skills:
 + Level 3.0 Fighting
 + Level 4.4 Short Blades
 + Level 2.0 Throwing
 + Level 2.6 Dodging
 + Level 5.7 Stealth


You had 6 spell levels left.
You didn't know any spells.
Your spell library was empty.

Dungeon Overview and Level Annotations

Branches:
Dungeon (5/15)
 Temple: D:4-7

Altars:
Gozag
Hepliaklqana
Yredelemnul


Message History

The scorpion is moderately wounded.
You feel sick. The scorpion misses you.
You hit the scorpion.
You feel better.
The scorpion is heavily wounded.
You feel sick. The scorpion closely misses you.
You hit the scorpion.
You feel better.
The scorpion is heavily wounded.
You feel sick. The scorpion stings you!
You are more poisoned.
The scorpion poisons you!
You hit the scorpion but do no damage.
The scorpion is heavily wounded.
You feel very sick. The scorpion closely misses you.
You completely miss the scorpion.
The scorpion is heavily wounded.
You feel sick. The scorpion misses you.
You barely miss the scorpion.
The scorpion is heavily wounded.
You feel sick. The scorpion stings you. x2
You closely miss the scorpion.
The scorpion is heavily wounded.
You feel sick. The scorpion barely misses you.
You barely miss the scorpion.
The scorpion is heavily wounded.
You feel sick.
The scorpion stings you but does no damage.
You hit the scorpion.
The scorpion is heavily wounded.
You feel sick. The scorpion stings you.
* * * LOW HITPOINT WARNING * * *
You hit the scorpion.
The scorpion is severely wounded.
You feel sick. The scorpion stings you!
* * * LOW HITPOINT WARNING * * *
You hit the scorpion but do no damage.
The scorpion is severely wounded.
* * * LOW HITPOINT WARNING * * *
You feel sick. The scorpion stings you.
You die...

.......
.......
.......
!......
######.......
#............
#.....s..#
#....@...#
#........#
#........#
#..........
#............
#...........(
########.....
.....


You could see a scorpion.

Vanquished Creatures
  A phantom (D:5)
  A bullfrog skeleton (D:3)
  Jessica (D:2)
  An iguana (D:4)
  An orc wizard (D:4)
  Natasha (D:2)
  4 gnolls (D:2)
  4 adders
  3 dart slugs
  6 orcs (D:4)
  9 bats
  2 endoplasms
  4 giant cockroaches
  8 goblins
  4 hobgoblins
  A jackal (D:2)
  6 kobolds
  3 quokkas
  7 ball pythons
  2 frilled lizards
  11 rats
80 creatures vanquished.

Notes
Turn   | Place    | Note
-------+----------+-------------------------------------------
     0 | D:1      | Urokeeper the Human Brigand began the quest for the Orb.
     0 | D:1      | Reached XP level 1. HP: 16/16 MP: 1/1
   286 | D:1      | Reached XP level 2. HP: 14/22 MP: 2/2
   616 | D:1      | Found a faded altar of an unknown god.
   968 | D:1      | Reached XP level 3. HP: 26/27 MP: 3/3
  1600 | D:2      | You are sucked into a shaft and drop 1 floor!
  1665 | D:3      | Reached skill level 5 in Stealth
  1665 | D:3      | Reached XP level 4. HP: 19/33 MP: 4/4
  2017 | D:3      | Found a hazy altar of Hepliaklqana.
  2026 | D:3      | Found a basalt altar of Yredelemnul.
  2102 | D:3      | Found an opulent altar of Gozag.
  2266 | D:3      | Reached XP level 5. HP: 20/38 MP: 5/5
  3167 | D:2      | Noticed Jessica
  3174 | D:2      | Killed Jessica
  3175 | D:2      | Reached XP level 6. HP: 13/46 MP: 6/6
  3442 | D:2      | Noticed Natasha
  3459 | D:2      | Killed Natasha
  3729 | D:4      | Noticed a necrophage
  3891 | D:4      | Noticed a water moccasin
  3911 | D:5      | Entered Level 5 of the Dungeon
  3921 | D:5      | Reached XP level 7. HP: 48/52 MP: 7/7
  3936 | D:5      | HP: 2/52 [poisoned by a scorpion]
  3936 | D:5      | Slain by a scorpion

Illustrated notes

Levels and vault maps discovered:
D:1:      dpeg_arrival_long_road, layout_loops_cross,
          shapermc_ecumenical_altar_mp_ritualfount
D:2:      layout_loops_ring, minmay_circle_x, uniq_jessica, uniq_natasha
D:3:      layout_loops_ring, mainiacjoe_overflow_swirl,
          nicolae_gozag_cash_rules_everything_around_me
D:4:      layout_cave_pools
D:5:      layout_basic, lemuel_flamethrower_1

Skill      XL: |  1  2  3  4  5  6 |
---------------+-------------------+-----
Stealth        | 5 |  5.7
Short Blades   | 3 4 |  4.4
Dodging        | 2 |  2.6
Fighting       | 3 |  3.0
Throwing       | |  2.0

Action                   |  1- 3 |  4- 6 |  7- 9 || total
-------------------------+-------+-------+-------++-------
Melee: Dagger            |    63 |       |       ||    63
       Short sword       |    48 |   180 |    16 ||   244
  Use: Scroll            |       |     3 |       ||     3
 Stab: Sleeping          |     9 |    12 |       ||    21
Armor: Robe              |    25 |    50 |     1 ||    76
Dodge: Dodged            |    72 |    87 |     7 ||   166
